A+ - U26
LAKE ELSINORE STORM @ MODESTO NUTS
05/20/2052
 
TOP OF THE 1ST
High Desert Mavericks batting - Pitching for Napa Silverados : LHP Felix Medina
Pitching: LHP Felix Medina
Batting: RHB Jackson Dziedzic 0-0: Called Strike
0-1: Ball
1-1: Ball
2-1: Swinging Strike
2-2: Fly out, F8 (Flyball, 8RD, EV 96.9 MPH)
Batting: RHB Russell Carthy 0-0: Called Strike
0-1: Foul Ball, location: 2F
0-2: Ground out 6-3 (Groundball, 56D, EV 95.0 MPH)
Batting: RHB Christian Scully 0-0: DOUBLE (Line Drive, 3D, EV 96.9 MPH)
Batting: RHB Tex Strohecker 0-0: Ball
1-0: Ground out U3 (Groundball, 3, EV 89.4 MPH)
Top of the 1st over - 0 runs, 1 hit, 0 errors, 1 left on base; High Desert 0 - Napa 0
BOTTOM OF THE 1ST
Napa Silverados batting - Pitching for High Desert Mavericks : RHP Stewart Dixon
Pitching: RHP Stewart Dixon
Batting: LHB Trenton Haugh 0-0: Ball
1-0: Called Strike
1-1: Ball
2-1: Swinging Strike
2-2: Strikes out swinging
Batting: RHB Jason Ziogas 0-0: Ball
1-0: Ball
2-0: Swinging Strike
2-1: Foul Ball, location: 3FF
2-2: Ball
3-2: SINGLE (Line Drive, 9S, EV 102.5 MPH)
Batting: LHB Gregorix Briseno 0-0: Called Strike
0-1: Swinging Strike
0-2: Strikes out swinging
Batting: RHB Ethan Hicks 0-0: Called Strike
0-1: SINGLE (Line Drive, 89S, EV 103.1 MPH)
Jason Ziogas to second
Runner from 2nd tries for 3rd, SAFE, no throw by RF
Batting: LHB C.J. Zorola 0-0: Ball
1-0: Swinging Strike
1-1: Called Strike
1-2: Foul Ball, location: 2F
1-2: Ball
2-2: Foul Ball, location: 3F
2-2: Ball
3-2: Strikes out swinging
Bottom of the 1st over - 0 runs, 2 hits, 0 errors, 2 left on base; High Desert 0 - Napa 0
TOP OF THE 2ND
High Desert Mavericks batting - Pitching for Napa Silverados : LHP Felix Medina
Batting: SHB Dewey Roark 0-0: Ball
1-0: Ball
2-0: Ball
3-0: Base on Balls
Batting: RHB Haden Goossen 0-0: Ball
1-0: Foul Ball, location: 7LSFF
1-1: Called Strike
1-2: Ball
2-2: Ball
3-2: Fly out, F8 (Line Drive, 89M, EV 91.3 MPH)
Batting: RHB Jamar Richardson 0-0: Ball
1-0: Fielders Choice at 2nd, 6-4 (Groundball, 6, EV 78.1 MPH)
Batting: RHB Bengie Sandoval 0-0: Swinging Strike
0-1: Swinging Strike
0-2: Strikes out swinging
Top of the 2nd over - 0 runs, 0 hits, 0 errors, 1 left on base; High Desert 0 - Napa 0
BOTTOM OF THE 2ND
Napa Silverados batting - Pitching for High Desert Mavericks : RHP Stewart Dixon
Batting: RHB Simon Westerhaus 0-0: Ball
1-0: Swinging Strike
1-1: Foul Ball, location: 2F
1-2: Ground out 4-3 (Groundball, 4, EV 103.1 MPH)
Batting: LHB Sterling Siegrist 0-0: Ball
1-0: Swinging Strike
1-1: Ground out 4-3 (Groundball, 4, EV 91.9 MPH)
Batting: RHB Shannon Greer 0-0: Swinging Strike
0-1: Foul Ball, location: 25F
0-2: Ball
1-2: Strikes out swinging
Bottom of the 2nd over - 0 runs, 0 hits, 0 errors, 0 left on base; High Desert 0 - Napa 0
TOP OF THE 3RD
High Desert Mavericks batting - Pitching for Napa Silverados : LHP Felix Medina
Batting: RHB Wallace Danko 0-0: Ball
1-0: Ball
2-0: Fly out, F8 (Line Drive, 8LD, EV 91.9 MPH)
Batting: RHB Jackson Dziedzic 0-0: Ball
1-0: Ball
2-0: Foul Ball, location: 5SF
2-1: Called Strike
2-2: Strikes out swinging
Batting: RHB Russell Carthy 0-0: Ball
1-0: Ball
2-0: Ball
3-0: Called Strike
3-1: Base on Balls
Batting: RHB Christian Scully 0-0: Foul Ball, location: 2F
0-1: Ball
1-1: Foul Ball, location: 2F
1-2: Foul Ball, location: 2F
1-2: Foul Ball, location: 5F
1-2: Ball
2-2: Ground out 6-3 (Groundball, P, EV 93.8 MPH)
Top of the 3rd over - 0 runs, 0 hits, 0 errors, 1 left on base; High Desert 0 - Napa 0
BOTTOM OF THE 3RD
Napa Silverados batting - Pitching for High Desert Mavericks : RHP Stewart Dixon
Batting: RHB Bill Sheppard 0-0: Swinging Strike
0-1: Ball
1-1: Fly out, F5 (Popup, 25F, EV 78.8 MPH)
Batting: LHB Trenton Haugh 0-0: Foul Ball, location: 2F
0-1: Ground out U3 (Groundball, 3, EV 88.1 MPH)
Batting: RHB Jason Ziogas 0-0: Ball
1-0: SINGLE (Line Drive, 6MD, EV 67.5 MPH)
Batting: LHB Gregorix Briseno 0-0: Ball
1-0: Ball
2-0: Ball
3-0: Base on Balls
Jason Ziogas to second
Batting: RHB Ethan Hicks 0-0: Ball
1-0: Ball
2-0: Called Strike
2-1: Ball
3-1: Fly out, F4 (Popup, 34S, EV 85.0 MPH)
Bottom of the 3rd over - 0 runs, 1 hit, 0 errors, 2 left on base; High Desert 0 - Napa 0
TOP OF THE 4TH
High Desert Mavericks batting - Pitching for Napa Silverados : LHP Felix Medina
Batting: RHB Tex Strohecker 0-0: Ball
1-0: Ball
2-0: Ball
3-0: Called Strike
3-1: Foul Ball, location: 9LMF
3-2: Foul Ball, location: 3F
3-2: Base on Balls
Batting: SHB Dewey Roark 0-0: Ball
1-0: Foul Ball, location: 5DF
1-1: Swinging Strike
1-2: Ball
2-2: Fly out, F5 (Popup, 5S, EV 84.4 MPH)
Batting: RHB Haden Goossen 0-0: Swinging Strike
0-1: Ball
1-1: Called Strike
1-2: Ball
2-2: Foul Ball, location: 2F
2-2: Strikes out looking
Batting: RHB Jamar Richardson 0-0: Ball
1-0: Ball
2-0: Called Strike
2-1: Ball
3-1: Base on Balls
Tex Strohecker to second
Batting: RHB Bengie Sandoval 0-0: Ball
1-0: Foul Ball, location: 5SF
1-1: Called Strike
1-2: Ball
2-2: Fielders Choice at 2nd, 6-4 (Groundball, 6, EV 86.9 MPH)
Top of the 4th over - 0 runs, 0 hits, 0 errors, 2 left on base; High Desert 0 - Napa 0
BOTTOM OF THE 4TH
Napa Silverados batting - Pitching for High Desert Mavericks : RHP Stewart Dixon
Batting: LHB C.J. Zorola 0-0: Ground out U3 (Groundball, 3, EV 83.1 MPH)
Batting: RHB Simon Westerhaus 0-0: Swinging Strike
0-1: Foul Ball, location: 9LDF
0-2: Ball
1-2: Strikes out swinging
Batting: LHB Sterling Siegrist 0-0: Called Strike
0-1: Swinging Strike
0-2: Ball
1-2: Ball
2-2: Ball
3-2: Foul Ball, location: 5F
3-2: Foul Ball, location: 23F
3-2: Foul Ball, location: 3F
3-2: Foul Ball, location: 9LSF
3-2: DOUBLE (Flyball, 78XD, EV 96.3 MPH)
Batting: RHB Shannon Greer 0-0: Ball
1-0: Swinging Strike
1-1: Ball
2-1: Swinging Strike
2-2: Ball
3-2: Base on Balls
Batting: RHB Bill Sheppard 0-0: Ball
1-0: Ball
2-0: Called Strike
2-1: Called Strike
2-2: Strikes out swinging
Bottom of the 4th over - 0 runs, 1 hit, 0 errors, 2 left on base; High Desert 0 - Napa 0
TOP OF THE 5TH
High Desert Mavericks batting - Pitching for Napa Silverados : LHP Felix Medina
Batting: RHB Wallace Danko 0-0: Fly out, F7 (Flyball, 7S, EV 79.4 MPH)
Batting: RHB Jackson Dziedzic 0-0: Fly out, F8 (Flyball, 8LD, EV 103.8 MPH)
Batting: RHB Russell Carthy 0-0: Ball
1-0: Ground out 6-3 (Groundball, 6, EV 106.3 MPH)
Top of the 5th over - 0 runs, 0 hits, 0 errors, 0 left on base; High Desert 0 - Napa 0
BOTTOM OF THE 5TH
Napa Silverados batting - Pitching for High Desert Mavericks : RHP Stewart Dixon
Batting: LHB Trenton Haugh 0-0: Ball
1-0: Called Strike
1-1: Ground out 6-3 (Groundball, 6M, EV 79.4 MPH)
Batting: RHB Jason Ziogas 0-0: Ball
1-0: Called Strike
1-1: Foul Ball, location: 25F
1-2: Strikes out looking
Batting: LHB Gregorix Briseno 0-0: Ball
1-0: Swinging Strike
1-1: Ground out 5-3 (Groundball, 5S, EV 80.0 MPH)
Bottom of the 5th over - 0 runs, 0 hits, 0 errors, 0 left on base; High Desert 0 - Napa 0
TOP OF THE 6TH
High Desert Mavericks batting - Pitching for Napa Silverados : LHP Felix Medina
Batting: RHB Christian Scully 0-0: Swinging Strike
0-1: Ground out 6-3 (Groundball, 6, EV 81.3 MPH)
Batting: RHB Tex Strohecker 0-0: Foul Ball, location: 5SF
0-1: Swinging Strike
0-2: Ball
1-2: Ball
2-2: Strikes out looking
Batting: SHB Dewey Roark 0-0: Called Strike
0-1: Swinging Strike
0-2: Foul Ball, location: 3FF
0-2: Foul Ball, location: 9LDF
0-2: Ball
1-2: Ball
2-2: Ground out U3 (Groundball, 13, EV 78.8 MPH)
Top of the 6th over - 0 runs, 0 hits, 0 errors, 0 left on base; High Desert 0 - Napa 0
BOTTOM OF THE 6TH
Napa Silverados batting - Pitching for High Desert Mavericks : RHP Stewart Dixon
Batting: RHB Ethan Hicks 0-0: Ball
1-0: Foul Ball, location: 5F
1-1: Called Strike
1-2: Strikes out swinging
Batting: LHB C.J. Zorola 0-0: Called Strike
0-1: SINGLE (Groundball, 34D, EV 108.1 MPH)
Pitching: RHP Leonard Preston
Batting: RHB Simon Westerhaus
Pinch Hitting: LHB Quilino Toledo 0-0: Ball
1-0: Ball
2-0: Foul Ball, location: 3SF
2-1: Called Strike
2-2: Ball
3-2: Foul Ball, location: 2F
3-2: Fly out, F7 (Flyball, 78S, EV 99.4 MPH)
Batting: LHB Sterling Siegrist 0-0: Fly out, F9 (Flyball, 9, EV 78.8 MPH)
Bottom of the 6th over - 0 runs, 1 hit, 0 errors, 1 left on base; High Desert 0 - Napa 0
TOP OF THE 7TH
High Desert Mavericks batting - Pitching for Napa Silverados : LHP Felix Medina
Pitching: RHP Fuller Speicher
Now in RF: Nick Lyon
Batting: RHB Haden Goossen 0-0: Ball
1-0: Ball
2-0: Called Strike
2-1: Fly out, F7 (Flyball, 7S, EV 85.6 MPH)
Batting: RHB Jamar Richardson 0-0: Hit by Pitch
Batting: RHB Bengie Sandoval 0-0: Ball
1-0: Foul Ball, location: 25F
1-1: Foul Ball, location: 2F
1-2: Fly out, F6 (Popup, 6MS, EV 72.5 MPH)
Pinch Hitting: LHB Elijah Wood 0-0: Ball
1-0: Foul Ball, location: 25FF
1-1: Ball
2-1: SINGLE (Line Drive, 78S, EV 103.8 MPH)
Jamar Richardson to second
Runner from 2nd tries for 3rd, SAFE, throw by LF made to third
Batting: RHB Jackson Dziedzic 0-0: Called Strike
0-1: Ball
1-1: Foul Ball, location: 2F
1-2: Strikes out swinging
Top of the 7th over - 0 runs, 1 hit, 0 errors, 2 left on base; High Desert 0 - Napa 0
BOTTOM OF THE 7TH
Napa Silverados batting - Pitching for High Desert Mavericks : RHP Leonard Preston
Now at 3B: Josiah Croft
Batting: RHB Shannon Greer 0-0: Ball
1-0: Ball
2-0: Ball
3-0: Called Strike
3-1: Base on Balls
Batting: RHB Bill Sheppard 0-0: Ball
1-0: Foul Ball, location: 2F
1-1: SINGLE (Line Drive, 56D, EV 101.3 MPH)
Shannon Greer to second
Batting: LHB Trenton Haugh 0-0: Ball
1-0: Called Strike
1-1: Swinging Strike
1-2: Strikes out looking
Batting: RHB Jason Ziogas 0-0: Ball
1-0: SINGLE (Line Drive, 89S, EV 101.3 MPH)
Shannon Greer to third
Bill Sheppard to second
Batting: LHB Gregorix Briseno 0-0: Called Strike
0-1: Swinging Strike
0-2: Strikes out swinging
Batting: RHB Ethan Hicks 0-0: Foul Ball, location: 2F
0-1: Ball
1-1: SINGLE (Groundball, 6D, EV 105.6 MPH)
Shannon Greer scores
Bill Sheppard to third
Jason Ziogas to second
Runner from 3rd tries for Home, SAFE, throw by LF to home
Batting: LHB C.J. Zorola 0-0: Fly out, F8 (Flyball, 8LD, EV 101.9 MPH)
Bottom of the 7th over - 2 runs, 3 hits, 0 errors, 2 left on base; High Desert 0 - Napa 2
TOP OF THE 8TH
High Desert Mavericks batting - Pitching for Napa Silverados : RHP Fuller Speicher
Now in LF: Aimar Estrada
Now in CF: Trenton Haugh
Pinch Hitting: LHB Luís Mateo 0-0: Ball
1-0: Foul Ball, location: 7LDF
1-1: Ball
2-1: Ball
3-1: Called Strike
3-2: Base on Balls
Batting: RHB Christian Scully 0-0: Ball
1-0: Fly out, F4 (Popup, 13, EV 79.4 MPH)
Pinch Hitting: LHB Isaac Szimko 0-0: Called Strike
0-1: Foul Ball, location: 9LMF
0-2: Ball
1-2: Ball
2-2: Ball
3-2: Base on Balls
Luís Mateo to second
Batting: SHB Dewey Roark 0-0: SINGLE (Line Drive, 78M, EV 96.9 MPH)
Luís Mateo to third
Isaac Szimko to second
Batting: RHB Haden Goossen 0-0: Foul Ball, location: 2F
0-1: Fly out, F8 (Line Drive, 8LS, EV 92.5 MPH)
Batting: RHB Jamar Richardson 0-0: Called Strike
0-1: Swinging Strike
0-2: Ball
1-2: Strikes out swinging
Top of the 8th over - 0 runs, 1 hit, 0 errors, 3 left on base; High Desert 0 - Napa 2
BOTTOM OF THE 8TH
Napa Silverados batting - Pitching for High Desert Mavericks : RHP Leonard Preston
Now at 1B: Kenny James
Now in RF: Isaac Szimko
Batting: RHB Nick Lyon 0-0: Ball
1-0: Called Strike
1-1: Foul Ball, location: 2LF
1-2: Foul Ball, location: 9LSF
1-2: Foul Ball, location: 2F
1-2: SINGLE (Flyball, 34D, EV 97.5 MPH)
Batting: LHB Sterling Siegrist 0-0: Ball
1-0: Ball
2-0: Called Strike
2-1: Foul Ball, location: 7LMF
2-2: Ball
3-2: Strikes out swinging
Pitching: RHP Tommy Byrnes
Batting: RHB Shannon Greer 0-0: Ball
1-0: Ball
2-0: Called Strike
2-1: Foul Ball, location: 3F
2-2: SINGLE (Groundball, 56S, EV 65.6 MPH) (infield hit)
Nick Lyon to second
Pinch Runner at 1st R.J. Ford:
Batting: RHB Bill Sheppard 0-0: Ball
1-0: Foul Ball, location: 5FF
1-1: Grounds into double play, 6-4-3 (Groundball, 6MS, EV 86.3 MPH)
Bottom of the 8th over - 0 runs, 2 hits, 0 errors, 1 left on base; High Desert 0 - Napa 2
TOP OF THE 9TH
High Desert Mavericks batting - Pitching for Napa Silverados : RHP Fuller Speicher
Pitching: RHP Allen Gallegos
Now at 2B: Ethan Hicks
Now at 3B: R.J. Ford
Now at SS: Bill Sheppard
Batting: RHB Bengie Sandoval 0-0: Foul Ball, location: 7LMFF
0-1: Ground out 1-3 (Groundball, 23, EV 74.4 MPH)
Batting: RHB Josiah Croft 0-0: Called Strike
0-1: Swinging Strike
0-2: Strikes out swinging
Batting: RHB Jackson Dziedzic 0-0: Ball
1-0: Called Strike
1-1: Swinging Strike
1-2: Fly out, F4 (Flyball, 4D, EV 86.3 MPH)
Top of the 9th over - 0 runs, 0 hits, 0 errors, 0 left on base; High Desert 0 - Napa 2
Monday, April 22nd , 2024 - OOTP Baseball 24.11 Build 85